 Seeded DCSS version 0.29.1-13-g9f3cf754e1 (webtiles) character file.

Game seed: 3827783046804615195 (custom seed)

60 sanboga the Trooper (level 3, -1/49 HPs)
             Began as a Minotaur Berserker on Jan 23, 2023.
             Was a Follower of Trog.
             Slain by a gnoll
             ... wielding a +0 spear
              (6 damage)
             ... on level 1 of the Dungeon.
             The game lasted 00:00:16 (164 turns).

sanboga the Trooper (Minotaur Berserker)             Turns: 164, Time: 00:00:16

Health: -1/49      AC:  2    Str: 23    XL:     3   Next: 80%
Magic:  2/2        EV: 12    Int:  4    God:    Trog [*.....]
Gold:   0          SH:  0    Dex:  9    Spells: 2/2 levels left

rFire   . . .      SeeInvis .   a - +0 hand axe
rCold   . . .      Faith    .   (no shield)
rNeg    . . .      Spirit   .   b - +0 animal skin
rPois   .          Reflect  .   (helmet restricted)
rElec   .          Harm     .   (no cloak)
rCorr   .          Rampage  .   (no gloves)
Will    .....                   (no boots)
Stlth   ..........              (no amulet)
HPRegen 0.16/turn               (no ring)
MPRegen 0.08/turn               (no ring)

@: berserking, very quick
A: horns 2, retaliatory headbutt
a: Renounce Religion, Berserk


You were on level 1 of the Dungeon.
You worshipped Trog.
Trog was aware of your devotion.
You visited 1 branch of the dungeon, and saw 1 of its levels.

Inventory:

Hand Weapons
 a - a +0 hand axe (weapon)
Armour
 b - a +0 animal skin (worn)


   Skills:
 + Level 4.2 Fighting
 + Level 4.2 Axes
 + Level 3.2 Armour
 + Level 3.0 Dodging


You had 2 spell levels left.
You didn't know any spells.
Your spell library was empty.

Dungeon Overview and Level Annotations

Branches:
Dungeon (1/15)

Altars:


Innate Abilities, Weirdness & Mutations

You have a pair of horns on your head.
You reflexively headbutt those who attack you in melee.


Message History

Your experience leads to an increase in your attributes!
Increase (S)trength, (I)ntelligence, or (D)exterity?
You feel stronger. x2
You barely miss the gnoll. You headbutt the gnoll!
You kill the gnoll!
Trog accepts your kill.
You closely miss the ball python.
The ball python bites you but does no damage.
The ball python closely misses you.
Your Dodging skill increases to level 3!
The ball python bites you but does no damage.
The ball python grabs you. The ball python constricts you.
The gnoll hits you with a +0 flail.
* * * LOW HITPOINT WARNING * * *
The gnoll hits you with a +0 spear!
* * * LOW HITPOINT WARNING * * *
The goblin barely misses you.
There is a large open translucent door, spattered with blood here.
Items here: )) ††.
You slash the gnoll!
The gnoll is heavily wounded.
You hit the ball python.
You kill the ball python!
Trog accepts your kill.
You hit the gnoll but do no damage. You slash the goblin!
You kill the goblin!
Trog accepts your kill. The gnoll closely misses you. x2
You completely miss the gnoll. You headbutt the gnoll.
The gnoll is severely wounded.
You closely miss the gnoll. You hit the gnoll. x2
You hit the gnoll.
The gnoll is almost dead.
You slash the gnoll! You barely miss the gnoll. You hit the gnoll.
The gnoll hits you with a +0 whip.
* * * LOW HITPOINT WARNING * * *
The gnoll hits you with a +0 flail.
* * * LOW HITPOINT WARNING * * *
The gnoll hits you with a +0 spear.
You die...

.#.#..#....#......
..#..##.#.#......
.##..............
.##..#...#....########
#..##...#....## ....#
...#..#....[#####....#
....##......8.#$#rg..#
.#.........)†..)gggg.#
#..#..##........@gg..#
. #.........8.#)#gw..#
#.#.......#####....#
..###...##.. ....# .#
...#...#.. #####
$.#.... ... ####### ##


You could see 7 gnolls, a dart slug, a quokka and a hobgoblin.

Vanquished Creatures
  5 gnolls (D:1)
  A ball python (D:1)
  A giant cockroach (D:1)
  2 goblins (D:1)
  2 jackals (D:1)
  A frilled lizard (D:1)
  3 rats (D:1)
15 creatures vanquished.

Notes
Turn   | Place    | Note
-------+----------+-------------------------------------------
     0 | D:1      | sanboga the Minotaur Berserker began the quest for the Orb.
     0 | D:1      | Reached XP level 1. HP: 19/19 MP: 0/0
   104 | D:1      | Found a large runed translucent door.
   104 | D:1      | Found a large runed translucent door.
   113 | D:1      | Reached XP level 2. HP: 22/27 MP: 1/1
   160 | D:1      | Reached XP level 3. HP: 16/33 MP: 2/2
   164 | D:1      | Slain by a gnoll

Illustrated notes

Levels and vault maps discovered:
D:1:      erik_arrival_cave_to_civilisation [erik_arrival_cave_to_temple],
          layout_rooms, shapermc_ecumenical_altar_gd

Skill      XL: |  1  2  3 |
---------------+----------+-----
Fighting       | 4 |  4.2
Axes           | 4 |  4.2
Armour         | 3 |  3.2
Dodging        | 3 |  3.0

Action                   || total
-------------------------++-------
Melee: Hand axe          ||    20
       Headbutt          ||     3
Invok: Berserk           ||     1
Armor: Animal skin       ||     4
Dodge: Dodged            ||    20
